Map: 젠 - 래더

Players

lllllllllll (sOs)

  • Race: Protoss Protoss
  • League: Grandmaster
  • Spawn Location: 7:00

JinairRogue (Rogue) - Winner!

  • Race: Zerg Zerg
  • Spawn Location: 1:00

VOD

Have the link to the VOD?

Description

Time

  • Played on: Jan. 9, 2020, 5:27 a.m.
  • Length: 10:31
Show
View Real Time Build Order
Export as new Build Order

lllllllllll Protoss 

Build Orders: 1 Gate Expand 

Get SALT Encoding   

  12  0:00  Probe  
  13  0:12  Probe  
  14  0:17  Pylon  
  14  0:25  Probe (Chrono Boost)  
  15  0:37  Probe (Chrono Boost)  
  16  0:43  Gateway  
  16  0:45  Probe (Chrono Boost)  
  17  0:52  Probe, Assimilator  
  18  1:04  Probe  
  19  1:16  Probe  
  19  1:17  Pylon  
  20  1:30  Cybernetics Core  
  20  1:36  Nexus  
  20  1:41  Probe  
  20  1:46  Pylon  
  21  1:53  Probe  
  22  1:55  Assimilator  
  22  2:03  Adept (Chrono Boost)  
  22  2:05  Warp Gate (Chrono Boost), Probe  
  25  2:17  Probe  
  26  2:26  Stalker  
  26  2:29  Probe  
  29  2:39  Gateway  
  29  2:42  Gateway  
  29  2:48  Probe (Chrono Boost)  
  31  2:53  Probe (Chrono Boost)  
  31  2:56  Adept  
  34  2:59  Probe (Chrono Boost)  
  34  3:02  Probe (Chrono Boost)  
  34  3:03  Probe (Chrono Boost)  
  36  3:12  Probe  
  37  3:14  Probe  
  36  3:23  Pylon  
  36  3:25  Probe (Chrono Boost)  
  36  3:26  Probe (Chrono Boost)  
  38  3:35  Pylon  
  38  3:38  Probe (Chrono Boost)  
  40  3:42  Probe (Chrono Boost)  
  40  3:46  Adept  
  40  3:47  Adept x2  
  46  3:49  Forge  
  46  3:51  Probe  
  46  3:52  Probe  
  48  4:00  Stargate  
  48  4:03  Stargate  
  48  4:06  Probe  
  48  4:07  Probe  
  50  4:13  Adept x2  
  50  4:15  Adept  
  56  4:25  Probe x2, Assimilator  
  56  4:26  Assimilator  
  56  4:29  Pylon  
  58  4:36  Pylon  
  58  4:37  Probe  
  60  4:39  Stalker  
  60  4:43  Probe  
  62  4:46  Oracle (Chrono Boost)  
  62  4:49  Probe  
  62  4:50  Oracle (Chrono Boost)  
  69  5:05  Probe x2, Pylon  
  69  5:14  Nexus  
  69  5:20  Oracle (Chrono Boost)  
  72  5:24  Oracle (Chrono Boost)  
  72  5:26  Shield Battery  
  72  5:27  Probe x2  
  77  5:38  Assimilator  
  77  5:40  Probe x2  
  77  5:41  Assimilator  
  79  5:44  Pylon  
  80  5:57  Probe x2, Oracle (Chrono Boost)  
  80  6:03  Twilight Council  
  87  6:08  Oracle (Chrono Boost)  
  87  6:10  Probe x2  
  89  6:14  Gateway  
  89  6:15  Gateway  
  89  6:37  Stalker x3  
  89  6:38  Probe  
  94  6:43  Probe (Chrono Boost)  
  94  6:44  Probe (Chrono Boost)  
  88  6:47  Protoss Ground Weapons Level 1, Resonating Glaives (Chrono Boost)  
  84  6:55  Probe (Chrono Boost)  
  84  6:56  Probe (Chrono Boost)  
  84  7:00  Probe (Chrono Boost)  
  83  7:02  Adept x2  
  83  7:03  Adept  
  83  7:04  Probe (Chrono Boost)  
  83  7:05  Gateway x2  
  83  7:07  Probe  
  91  7:09  Pylon  
  91  7:15  Adept x2  
  95  7:19  Probe  
  95  7:21  Probe x2  
  90  7:28  Photon Cannon  
  90  7:29  Adept x3  
  96  7:36  Adept x2  
  100  7:46  Photon Cannon  
  100  7:47  Probe x2 (Chrono Boost)  
  103  7:53  Probe (Chrono Boost)  
  103  7:54  Stalker x3  
  108  7:59  Stalker  
  108  8:03  Blink (Chrono Boost)  
  107  8:06  Stalker x2  
  101  8:12  Stalker  
  100  8:20  Stalker x2  
  100  8:21  Stalker  
  99  8:30  Probe x2  
  99  8:32  Stalker x2  
  90  8:49  Sentry  
  86  8:58  Probe x2  
  86  8:59  Probe  
  74  9:10  Sentry, Stalker x4  
  74  9:11  Sentry  
  74  9:16  Probe x3 (Chrono Boost), Photon Cannon  
  86  9:24  Sentry  
  86  9:25  Shield Battery  
  86  9:26  Probe x3 (Chrono Boost)  
  91  9:32  Probe  
  92  9:38  Stalker  
  92  9:39  Stalker  
  92  9:42  Probe x2  
  92  9:44  Probe  
  97  9:46  Robotics Facility  
  97  9:48  Pylon  
  96  9:54  Probe  
  96  10:02  Stalker x5  
  106  10:09  Adept  
  106  10:10  Adept  
Show
View Real Time Build Order
Export as new Build Order

JinairRogue Zerg - Winner!

Build Orders: Pool First 

Get SALT Encoding   

  12  0:00  Drone  
  13  0:11  Overlord  
  13  0:16  Drone  
  14  0:30  Drone x2  
  16  0:39  Drone  
  17  0:44  Extractor  
  17  0:47  Drone  
  17  0:49  Spawning Pool  
  16  0:56  Drone  
  17  1:07  Drone  
  18  1:23  Drone  
  18  1:24  Hatchery  
  18  1:35  Queen  
  18  1:38  Zergling x2  
  21  1:47  Overlord  
  21  1:50  Drone  
  22  1:55  Metabolic Boost  
  22  2:06  Zergling x2  
  23  2:10  Drone  
  23  2:11  Queen  
  26  2:21  Drone  
  27  2:34  Drone  
  28  2:39  Hatchery  
  28  2:44  Drone x2  
  29  2:54  Zergling x2  
  29  2:56  Drone  
  29  2:57  Drone  
  32  3:00  Drone  
  33  3:11  Drone x2  
  33  3:13  Drone  
  34  3:21  Drone  
  34  3:23  Drone  
  36  3:29  Overlord  
  36  3:33  Drone  
  36  3:40  Roach Warren  
  36  3:41  Drone  
  36  3:47  Queen  
  36  3:48  Drone x4  
  42  3:53  Zergling x2  
  42  3:54  Zergling x8  
  47  3:56  Drone  
  47  4:01  Drone x2  
  50  4:04  Overlord  
  50  4:06  Overlord  
  50  4:16  Overlord  
  50  4:22  Queen  
  50  4:23  Zergling x12  
  57  4:25  Drone  
  57  4:30  Drone x2  
  57  4:31  Drone x2  
  62  4:35  Drone x3  
  62  4:38  Lair  
  65  4:45  Evolution Chamber  
  64  4:46  Spore Crawler  
  64  4:49  Spore Crawler x2  
  64  4:51  Drone  
  61  4:55  Drone x4  
  61  4:56  Drone  
  61  4:59  Extractor  
  65  5:00  Extractor  
  65  5:02  Drone x2, Overlord  
  65  5:06  Overlord  
  64  5:08  Drone x2  
  64  5:12  Zergling x4  
  64  5:13  Zergling x2  
  65  5:16  Extractor  
  65  5:17  Extractor  
  65  5:18  Overlord  
  63  5:24  Drone x4  
  63  5:27  Zerg Missile Weapons Level 1  
  67  5:29  Extractor, Drone x3  
  69  5:36  Roach x4  
  69  5:39  Drone x2  
  79  5:48  Drone x2  
  80  5:54  Spire  
  80  5:55  Drone x3  
  81  6:02  Overseer, Drone x2  
  81  6:03  Drone x4  
  87  6:08  Spore Crawler, Overlord  
  87  6:10  Glial Reconstitution  
  86  6:16  Overlord  
  86  6:17  Drone x3  
  89  6:19  Overlord  
  89  6:25  Overlord  
  89  6:27  Queen  
  89  6:32  Zergling x8  
  91  6:33  Zergling x2  
  91  6:35  Drone  
  89  6:41  Drone x2  
  89  6:42  Drone x4  
  89  6:44  Drone  
  86  7:06  Mutalisk x8  
  86  7:08  Drone  
  99  7:20  Drone x3  
  99  7:21  Hydralisk Den  
  99  7:22  Hatchery  
  99  7:25  Zergling x2  
  99  7:26  Zergling x10  
  102  7:38  Overlord  
  101  7:46  Roach  
  101  7:47  Roach x7  
  101  7:50  Roach  
  101  7:51  Grooved Spines  
  119  7:55  Roach  
  119  7:57  Roach  
  123  8:00  Roach  
  123  8:01  Roach  
  123  8:02  Roach  
  125  8:06  Roach  
  125  8:10  Roach  
  129  8:15  Overlord x4  
  129  8:16  Overlord  
  129  8:18  Overlord  
  127  8:24  Overlord x2  
  120  8:32  Roach  
  120  8:33  Roach x5  
  112  8:39  Roach x3  
  103  8:46  Hydralisk x2  
  103  8:47  Hydralisk x4  
  109  9:01  Hydralisk  
  109  9:02  Hydralisk x4  
  114  9:06  Hydralisk  
  114  9:08  Drone  
  114  9:20  Zergling x2  
  114  9:21  Zergling x10  
  114  9:23  Ravager x4  
  124  9:25  Ravager  
  124  9:27  Zergling x4  
  124  9:28  Zergling x2  
  124  9:30  Zergling x2  
  129  9:39  Zergling x14  
  129  9:44  Zergling x2  
  137  9:46  Ravager  
  137  9:47  Zergling x8  
  137  9:49  Zergling x2  
  137  9:52  Zergling x2  
  144  9:56  Zergling x8  
  148  10:01  Overlord  
  148  10:02  Zergling x2  
  147  10:09  Zergling x8  
  147  10:12  Zergling x6  
  149  10:27  Ravager  
Tags
 
Add a new tag
Caveats
  • Supply blocks, unpowered buildings, or Contaminate may cause inaccurate times.
  • Supply counts are checked every 10 seconds.